 Dungeon Crawl Stone Soup version 0.26.0-45-g9c1d065592 (webtiles) character file.

Game seed: 953616523053912065

121 kaeus the Insei (level 5, -7/34 HPs)
             Began as an Octopode Transmuter on Jan 27, 2021.
             Mangled by an ogre
             ... wielding a +0 giant spiked club
              (31 damage)
             ... on level 3 of the Dungeon.
             The game lasted 00:02:39 (3231 turns).

kaeus the Insei (Octopode Transmuter)               Turns: 3231, Time: 00:02:40

Health: -7/34      AC:  1    Str: 10    XL:     5   Next: 5%
Magic:  6/8        EV: 13    Int: 16    God:
Gold:   105        SH:  0    Dex: 12    Spells: 8/9 levels left

rFire    . . .     SeeInvis .     - Unarmed
rCold    . . .     Faith    .   (no shield)
rNeg     . . .     Spirit   .   (helmet currently unavailable)
rPois    .         Reflect  .   (no amulet)
rElec    .         Harm     .   (no ring)
rCorr    .         Rampage  .   (no ring)
Will     .....                  (no ring)
Stlth    +++.......             (no ring)
HPRegen  0.11/turn              (no ring)
MPRegen  0.11/turn              (no ring)
                                (no ring)
                                (no ring)

@: appendages
A: almost no armour, stealthy swim, amphibious, 8 rings, constrict 8, tentacle
spike 3, camouflage 1, gelatinous body 1
a: End Transformation


You were on level 3 of the Dungeon.
One of your tentacles had a temporary spike.
You visited 1 branch of the dungeon, and saw 3 of its levels.

You collected 105 gold pieces.

Inventory:

Scrolls
 a - 3 scrolls of teleportation {unknown}
 b - 4 scrolls of identify {unknown}
 d - a scroll of remove curse {unknown}
Potions
 c - a potion of haste {unknown}
 e - a potion of might {unknown}
 f - 2 potions of brilliance {unknown}
 g - a potion of attraction {unknown}


   Skills:
 + Level 1.8 Fighting
 + Level 2.5 Dodging
 - Level 3.2 Stealth
 + Level 3.4 Unarmed Combat
 + Level 2.5 Spellcasting
 * Level 2.7 Transmutations


You had 8 spell levels left.
You knew the following spells:

 Your Spells              Type           Power        Failure   Level
a - Beastly Appendage     Tmut           20%          6%          1

Your spell library contained the following spells:

 Spells                   Type           Power        Failure   Level
 Wereblood                Tmut           10%          10%         2
 Spider Form              Tmut/Pois      3%           32%         3
 Ice Form                 Ice/Tmut       6%           73%         4
 Blade Hands              Tmut           5%           87%         5


Dungeon Overview and Level Annotations

Branches:
Dungeon (3/15)

Altars:
Elyvilon
Okawaru


Innate Abilities, Weirdness & Mutations

You cannot wear most types of armour.
You are very stealthy in the water. (Stealth+)
You are amphibious.
You can wear up to eight rings at the same time.
You can use your tentacles to constrict eight enemies at once.
Your skin changes colour to match your surroundings (Stealth+).
Your rubbery body absorbs attacks. (AC +1, EV +1)
One of your tentacles bears a large vicious spike.


Message History

The adder barely misses you. The adder bites you.
The bat moves out of view.
There are monsters nearby!
You take 1 damage, and have 20/29 hp.
You barely miss the adder. You grab the adder. You constrict the adder.
The adder barely misses you.
There are monsters nearby!
One of your tentacles grows a vicious spike.
You constrict the adder. The adder misses you.
You now have 6/7 mp.
You tentacle-slap the adder but do no damage.
You squeeze the adder.
The adder is almost dead.
You constrict the adder.
You kill the adder!
You have reached level 5!
You feel clever.
You regained 4 hp, and now have 24/34 hp.
The ogre hits you with a +0 giant spiked club!!
Ouch! That really hurt!
You die...

..#############
...............#
................#
....../..........#
...!.............# #.##
........w........#
+..#.
...........†.....#
#<.#.
...........O.....#
#.... .........@#######
#.#.. ###.)....# #.#..
#......# #.##>
#.?....############.##.
+......'.............†.
#......############.#..
#......# #...†...#..
#......# #.#######..
#...?..# #..........


You could see an ogre and a dart slug.

Vanquished Creatures
  Jessica (D:2)
  4 adders
  4 worms (D:2)
  A dart slug (D:1)
  A leopard gecko (D:3)
  2 giant cockroaches
  4 goblins (D:1)
  7 hobgoblins
  6 jackals
  3 bats
  3 frilled lizards
  7 kobolds
  3 rats
46 creatures vanquished.

Notes
Turn   | Place    | Note
-------+----------+-------------------------------------------
     0 | D:1      | kaeus the Octopode Transmuter began the quest for the Orb.
     0 | D:1      | Reached XP level 1. HP: 13/13 MP: 3/3
   225 | D:1      | Reached skill level 1 in Stealth
   225 | D:1      | Reached XP level 2. HP: 16/18 MP: 3/5
  1321 | D:1      | Reached XP level 3. HP: 23/23 MP: 4/6
  1357 | D:1      | You fall into a shaft and drop 1 floor!
  1357 | D:2      | Found a white marble altar of Elyvilon.
  1652 | D:2      | Noticed Jessica
  1659 | D:2      | Killed Jessica
  1912 | D:2      | Reached XP level 4. HP: 25/28 MP: 5/7
  2434 | D:2      | Found an iron altar of Okawaru.
  3225 | D:3      | Noticed an ogre
  3231 | D:3      | Reached XP level 5. HP: 24/34 MP: 6/8
  3231 | D:3      | Mangled by an ogre

Illustrated notes

Levels and vault maps discovered:
D:1:      dpeg_arrival_pits, layout_loops_corners, minivault_24
D:2:      layout_basic, elyvilon_altar_5, lemuel_round_altar, uniq_jessica
D:3:      layout_basic, gammafunk_temple_overflow_pools, general_overflow_altar,
          uniq_ijyb

Skill      XL: |  1  2  3  4 |
---------------+-------------+-----
Stealth        | 1 2 3 |  3.2
Fighting       | |  1.8
Dodging        | |  2.5
Unarmed Combat | |  3.4
Spellcasting   | |  2.5
Transmutations | |  2.7

Action                   |  1- 3 |  4- 6 || total
-------------------------+-------+-------++-------
Melee: Unarmed           |    24 |    46 ||    70
       Dagger            |    38 |       ||    38
       Constrict         |    17 |    13 ||    30
       Kick              |     9 |     9 ||    18
       Tentacles         |     6 |     9 ||    15
       Punch             |     1 |       ||     1
 Cast: Beastly Appendage |    11 |     9 ||    20
 Stab: Sleeping          |     4 |     4 ||     8
Armor: Skin              |     5 |     1 ||     6
Dodge: Dodged            |    40 |    31 ||    71
